 Dungeon Crawl Stone Soup version 0.22-b1-21-g5cfc168 (webtiles) character file.

122 tyranidshit the Skirmisher (level 4, -1/39 HPs)
             Began as a Demonspawn Abyssal Knight on Aug 3, 2018.
             Was a Believer of Lugonu.
             Slain by an orc
             ... wielding a +0 trident
              (3 damage)
             ... on level 4 of the Dungeon.
             The game lasted 00:04:12 (2259 turns).

tyranidshit the Skirmisher (DsAK)                   Turns: 2259, Time: 00:04:13

Health: -1/39      AC: 12    Str: 10 (13) XL:     4   Next: 78%
Magic:  5/5        EV:  1    Int: 14 (16) God:    Lugonu [**....]
Gold:   264        SH:  0    Dex: 11 (12) Spells: 3/3 levels left

rFire    . . .     SeeInvis .   a - +2 hand axe
rCold    . . .     Gourm    .   (no shield)
rNeg     . . .     Faith    .   l - +0 plate armour
rPois    .         Spirit   .   (no helmet)
rElec    .         Reflect  .   (no cloak)
rCorr    +         Harm     .   (no gloves)
MR       .....                  (no boots)
Stlth    ..........             (no amulet)
HPRegen  0.13/turn              d - ring of resist corrosion
MPRegen  0.09/turn              f - ring of wizardry

@: no status effects
A: hooves 1, slimy green scales 1, clever 1
a: Depart the Abyss, Bend Space, Renounce Religion


You were on level 4 of the Dungeon.
You worshipped Lugonu.
Lugonu was pleased with you.
You were not hungry.

You visited 1 branch of the dungeon, and saw 4 of its levels.
You visited the Abyss 1 time.

You collected 264 gold pieces.

Inventory:

Hand Weapons
 a - a +2 hand axe (weapon)
Armour
 b - a +0 leather armour
 i - a +0 ring mail
 j - a +0 chain mail
 l - a +0 plate armour (worn)
Jewellery
 d - a ring of resist corrosion (left hand)
 f - a ring of wizardry (right hand)
Scrolls
 e - 2 scrolls of teleportation
 g - a scroll of fog
 h - 5 scrolls of identify
Potions
 k - a potion of curing
Comestibles
 c - 5 rations


   Skills:
 - Level 5.5 Fighting
 - Level 1.7 Axes
 + Level 1.9 Armour
 - Level 0.8 Dodging
 - Level 2.4 Invocations


You had 3 spell levels left.
You didn't know any spells.
Your spell library was empty.

Dungeon Overview and Level Annotations

Branches:
Dungeon (4/15)             Temple (0/1) D:4

Altars:


Innate Abilities, Weirdness & Mutations

You have large cloven feet.
You are partially covered in slimy green scales. (AC +2)
Your mind is acute. (Int +2)


Message History

You are poisoned.
The orc priest mumbles some strange prayers to Beogh against you.
Pain shoots through your body!
* * * LOW HITPOINT WARNING * * *
Unknown command.
You feel better. The orc completely misses you. The orc barely misses you.
It was a potion of degeneration.
There was something very wrong with that liquid.
You feel weakened.
You feel dopey.
You feel clumsy.
The orc hits you from afar with a trident.
* * * LOW HITPOINT WARNING * * *
The orc hits you but does no damage.
The orc priest hits you with a vampiric whip.
* * * LOW HITPOINT WARNING * * *
You closely miss the orc. You kick the orc.
The orc is heavily wounded.
You closely miss the orc priest.
Your plate armour prevents you from hitting the orc wizard.
The orc hits you from afar with a trident.
You die...

.# #..................
.###..≈..........≈..##
..#..≈≈........§§≈≈..##
#.....................#
#........≈§≈≈§§.......#
##......≈≈####≈§......#
#.§§...§## ##§.....≈#
#§§....≈# #≈....≈≈#
#≈§....≈# #§@o...≈#
#≈)....≈# #≈oo....#
#......≈≈# #≈≈oo....#
#........≈≈≈≈§≈.......#
.............§........#
..#.)≈≈..........≈≈..##
......§..........≈....
..§§§.......##


You could see an orc priest, an orc wizard and 3 orcs.

Vanquished Creatures
  A worker ant (D:4)
  A hound skeleton (D:4)
  2 adders
  An ooze (D:3)
  2 adder skeletons (D:4)
  A worm (D:2)
  A leopard gecko (D:1)
  2 orcs (D:3)
  5 bats
  4 giant cockroaches
  3 goblins
  4 hobgoblins
  3 jackals (D:2)
  10 kobolds
  3 quokkas
  A ball python (D:3)
  A frilled lizard (D:2)
  A quokka skeleton (D:4)
  7 rats
53 creatures vanquished.

Notes
Turn   | Place    | Note
-------+----------+-------------------------------------------
     0 | Abyss:1  | tyranidshit the Demonspawn Abyssal Knight began the quest for the Orb.
     0 | Abyss:1  | Reached XP level 1. HP: 18/18 MP: 2/2
    26 | Abyss:1  | Found a corrupted altar of Lugonu.
    41 | Abyss:1  | Noticed a raiju
    41 | Abyss:1  | Noticed a raiju
    42 | D:1      | Escaped the Abyss
   106 | D:1      | Gained mutation: You have large cloven feet. [demonic ancestry]
   106 | D:1      | Reached XP level 2. HP: 11/24 MP: 3/3
   155 | D:1      | Reached * piety under Lugonu
   798 | D:2      | Reached skill level 4 in Fighting
  1031 | D:2      | Reached XP level 3. HP: 15/30 MP: 4/4
  1626 | D:2      | Gained mutation: Your body sometimes deteriorates upon taking damage. [potion of mutation]
  1626 | D:2      | Gained mutation: You are partially covered in slimy green scales. (AC +2) [potion of mutation]
  1626 | D:2      | Lost mutation: Your body sometimes deteriorates upon taking damage. [potion of mutation]
  1626 | D:2      | Gained mutation: Your mind is acute. (Int +2) [potion of mutation]
  1807 | D:3      | Reached ** piety under Lugonu
  1961 | D:3      | Reached XP level 4. HP: 18/38 MP: 5/5
  2123 | D:4      | Reached skill level 5 in Fighting
  2137 | D:4      | Found a staircase to the Ecumenical Temple.
  2259 | D:4      | Slain by an orc

Skill      XL: |  1  2  3  4 |
---------------+-------------+-----
Fighting       | 4 5 |  5.5
Axes           | |  1.7
Armour         | |  1.9
Dodging        | |  0.8
Invocations    | |  2.4

Action                   |  1- 3 |  4- 6 || total
-------------------------+-------+-------++-------
Melee: Hand axe          |   120 |    37 ||   157
       Kick              |    21 |    11 ||    32
Invok: Depart the Abyss  |     1 |       ||     1
  Use: Potion            |     5 |     2 ||     7
       Scroll            |     4 |     1 ||     5
  Eat: Chunk             |     3 |       ||     3
       Ration            |       |     1 ||     1
Armor: Leather armour    |    11 |       ||    11
       Ring mail         |    24 |       ||    24
       Chain mail        |     1 |    14 ||    15
       Plate armour      |       |    14 ||    14
Dodge: Dodged            |    78 |    11 ||    89
